3L
PANAMA CITY PIRANHAS @ TOLEDO STINGERS
09/16/2039
 
TOP OF THE 1ST
Panama City Piranhas batting - Pitching for Toledo Stingers : RHP Ricky Sellers
Pitching: RHP Ricky Sellers
Batting: RHB Chrysler Rodriguez 0-0: Ball
1-0: Swinging Strike
1-1: Foul Ball, location: 2F
1-2: Strikes out swinging
Batting: RHB Kieran Hansen 0-0: Called Strike
0-1: Called Strike
0-2: Ground out 6-3 (Groundball, 6, EV 83.1 MPH)
Batting: RHB António Mendoza 0-0: Foul Ball, location: 2F
0-1: Foul Ball, location: 2F
0-2: Strikes out swinging
Top of the 1st over - 0 runs, 0 hits, 0 errors, 0 left on base; Panama City 0 - Toledo 0
BOTTOM OF THE 1ST
Toledo Stingers batting - Pitching for Panama City Piranhas : RHP Patrick Nicolas
Pitching: RHP Patrick Nicolas
Batting: RHB Jesús Morán 0-0: Swinging Strike
0-1: Bunted foul
0-2: Foul Ball, location: 2F
0-2: Fly out, F9 (Flyball, 9LS, EV 65.6 MPH)
Batting: RHB Alfredo Martínez 0-0: Called Strike
0-1: Foul Ball, location: 2F
0-2: Ball
1-2: Foul Ball, location: 2F
1-2: Ground out 5-3 (Groundball, 56S, EV 78.8 MPH)
Batting: LHB Pedro Serano 0-0: Called Strike
0-1: Ground out 4-3 (Groundball, 34, EV 85.6 MPH)
Bottom of the 1st over - 0 runs, 0 hits, 0 errors, 0 left on base; Panama City 0 - Toledo 0
TOP OF THE 2ND
Panama City Piranhas batting - Pitching for Toledo Stingers : RHP Ricky Sellers
Batting: SHB Ben Boston 0-0: Ground out 2-3 (Groundball, 2L, EV 68.1 MPH)
Batting: LHB José Ocasio 0-0: Ground out 6-3 (Groundball, 6, EV 83.1 MPH)
Batting: RHB Craig Tricket 0-0: Ball
1-0: Called Strike
1-1: Foul Ball, location: 2F
1-2: Ball
2-2: Foul Ball, location: 2F
2-2: Strikes out swinging
Top of the 2nd over - 0 runs, 0 hits, 0 errors, 0 left on base; Panama City 0 - Toledo 0
BOTTOM OF THE 2ND
Toledo Stingers batting - Pitching for Panama City Piranhas : RHP Patrick Nicolas
Batting: RHB Brook Linen 0-0: Foul Ball, location: 2F
0-1: Ground out 5-3 (Groundball, 5L, EV 83.1 MPH)
Batting: LHB Dan Hines 0-0: Fly out, F8 (Line Drive, 8LM, EV 86.9 MPH)
Batting: SHB Adam Clements 0-0: Foul Ball, location: 2F
0-1: Ball
1-1: Swinging Strike
1-2: Reached via error on a dropped throw from 2B, E3 (Groundball, 4S, EV 86.9 MPH)
Batting: RHB Sze Qi 0-0: Foul Ball, location: 2F
0-1: Ball
1-1: Ball
2-1: Ball
3-1: SINGLE (Groundball, 34D, EV 95.0 MPH)
Adam Clements to second
Runner from 2nd tries for 3rd, SAFE, no throw by RF
Batting: LHB Snow Wang 0-0: Ball
1-0: Called Strike
1-1: Foul Ball, location: 2F
1-2: Foul Ball, location: 2F
1-2: Foul Ball, location: 2F
1-2: Ground out U3 (Groundball, 3L, EV 100.0 MPH)
Bottom of the 2nd over - 0 runs, 1 hit, 1 error, 2 left on base; Panama City 0 - Toledo 0
TOP OF THE 3RD
Panama City Piranhas batting - Pitching for Toledo Stingers : RHP Ricky Sellers
Batting: RHB Arsenio Laurel 0-0: Ground out 5-3 (Groundball, 56S, EV 86.2 MPH)
Batting: RHB Rodney Clancy 0-0: Called Strike
0-1: Swinging Strike
0-2: Ball
1-2: SINGLE (Line Drive, 8LS, EV 96.2 MPH)
Batting: RHB Bruno Williams 0-0: Called Strike
0-1: SINGLE (Groundball, 56D, EV 96.9 MPH)
Rodney Clancy to second
Batting: RHB Chrysler Rodriguez 0-0: Called Strike
0-1: Called Strike
0-2: Ball
1-2: Foul Ball, location: 2F
1-2: Ball
2-2: Foul Ball, location: 2F
2-2: Ball
3-2: Fly out, F8 (Line Drive, 8LM, EV 86.9 MPH)
Batting: RHB Kieran Hansen 0-0: Called Strike
0-1: Fly out, F9 (Flyball, 9, EV 93.8 MPH)
Top of the 3rd over - 0 runs, 2 hits, 0 errors, 2 left on base; Panama City 0 - Toledo 0
BOTTOM OF THE 3RD
Toledo Stingers batting - Pitching for Panama City Piranhas : RHP Patrick Nicolas
Batting: LHB Joe Clark 0-0: Ball
1-0: Ball
2-0: Foul Ball, location: 2F
2-1: Foul Ball, location: 2F
2-2: SOLO HOME RUN (Flyball, 89XD, EV 108.8 MPH), Distance : 439 ft
Batting: RHB Jesús Morán 0-0: Called Strike
0-1: Foul Ball, location: 2F
0-2: Ball
1-2: Fly out, F8 (Flyball, 8LXD, EV 96.9 MPH)
Batting: RHB Alfredo Martínez 0-0: Ball
1-0: Foul Ball, location: 2F
1-1: Fly out, F7 (Flyball, 7LS, EV 83.8 MPH)
Batting: LHB Pedro Serano 0-0: Swinging Strike
0-1: Ball
1-1: Ball
2-1: Called Strike
2-2: SINGLE (Groundball, 4MD, EV 101.9 MPH)
Batting: RHB Brook Linen 0-0: Ball
1-0: Swinging Strike
1-1: Ball
2-1: Ball
3-1: Base on Balls
Pedro Serano to second
Batting: LHB Dan Hines 0-0: Swinging Strike
0-1: Ball
1-1: Ball
2-1: SINGLE (Groundball, 34D, EV 95.0 MPH)
Pedro Serano to third
Brook Linen to second
Runner from 3rd tries for Home, SAFE, throw by RF to home
Batting: SHB Adam Clements 0-0: Foul Ball, location: 2F
0-1: Ball
1-1: Hit by Pitch
Brook Linen to third
Dan Hines to second
Batting: RHB Sze Qi 0-0: Called Strike
0-1: Ground out 5-3 (Groundball, 56S, EV 91.2 MPH)
Bottom of the 3rd over - 2 runs, 3 hits, 0 errors, 3 left on base; Panama City 0 - Toledo 2
TOP OF THE 4TH
Panama City Piranhas batting - Pitching for Toledo Stingers : RHP Ricky Sellers
Batting: RHB António Mendoza 0-0: Called Strike
0-1: Ball
1-1: Foul Ball, location: 2F
1-2: Ball
2-2: Ball
3-2: Foul Ball, location: 2F
3-2: Base on Balls
Batting: SHB Ben Boston 0-0: Foul Ball, location: 2F
0-1: Swinging Strike
0-2: Foul Ball, location: 2F
0-2: Strikes out swinging
Batting: LHB José Ocasio 0-0: Called Strike
0-1: Ground out 6-3 (Groundball, 6MS, EV 65.6 MPH)
António Mendoza to second
Batting: RHB Craig Tricket 0-0: Ball
1-0: Ball
2-0: Ground out 4-3 (Groundball, 3D, EV 101.2 MPH)
Top of the 4th over - 0 runs, 0 hits, 0 errors, 1 left on base; Panama City 0 - Toledo 2
BOTTOM OF THE 4TH
Toledo Stingers batting - Pitching for Panama City Piranhas : RHP Patrick Nicolas
Batting: LHB Snow Wang 0-0: Called Strike
0-1: Foul Ball, location: 2F
0-2: Ball
1-2: Foul Ball, location: 2F
1-2: Ball
2-2: SINGLE (Line Drive, 4D, EV 95.6 MPH)
Batting: LHB Joe Clark 0-0: Swinging Strike
0-1: SINGLE (Line Drive, 6D, EV 96.2 MPH)
Snow Wang to second
Batting: RHB Jesús Morán 0-0: SINGLE (Line Drive, 4M, EV 100.0 MPH)
Snow Wang to third
Joe Clark to second
Runner from 3rd tries for Home, SAFE, throw by CF to home
Batting: RHB Alfredo Martínez 0-0: SINGLE (Groundball, 4M, EV 86.2 MPH) (infield hit)
Joe Clark to third
Jesús Morán to second
Batting: LHB Pedro Serano 0-0: Foul Ball, location: 2F
0-1: Ball
1-1: Foul Ball, location: 2F
1-2: Foul Ball, location: 2F
1-2: Fly out, F7 (Line Drive, 7D, EV 92.5 MPH)
Runner from 3rd tags up, SCORES, throw by LF
Jesús Morán to third
Batting: RHB Brook Linen 0-0: Ball
1-0: Called Strike
1-1: Ball
Alfredo Martínez steals 2nd, throwing error, E2
Jesús Morán scores
Alfredo Martínez to third
2-1: Ball
3-1: Called Strike
3-2: Foul Ball, location: 2F
3-2: Base on Balls
Batting: LHB Dan Hines 0-0: Called Strike
0-1: Swinging Strike
0-2: Strikes out swinging
Batting: SHB Adam Clements 0-0: SINGLE (Flyball, 9LS, EV 83.1 MPH)
Alfredo Martínez scores
Brook Linen to second
Runner from 2nd tries for 3rd, SAFE, no throw by RF
Pitching: LHP Todd Serrano
Batting: RHB Sze Qi 0-0: Called Strike
0-1: Foul Ball, location: 2F
0-2: DOUBLE (Line Drive, 9LS, EV 101.2 MPH)
Brook Linen scores
Adam Clements to third
Runner from 3rd tries for Home, SAFE, throw by RF to trailing runner, OUT at third! 9-4-5
Bottom of the 4th over - 6 runs, 6 hits, 1 error, 0 left on base; Panama City 0 - Toledo 8
TOP OF THE 5TH
Panama City Piranhas batting - Pitching for Toledo Stingers : RHP Ricky Sellers
Batting: RHB Arsenio Laurel 0-0: Ball
1-0: Ball
2-0: Called Strike
2-1: Swinging Strike
2-2: Ball
3-2: Foul Ball, location: 2F
3-2: Foul Ball, location: 2F
3-2: Strikes out looking
Batting: RHB Rodney Clancy 0-0: DOUBLE (Line Drive, 9LM, EV 111.9 MPH)
Batting: RHB Bruno Williams 0-0: Swinging Strike
0-1: Ground out 6-3 (Groundball, 6, EV 93.1 MPH)
Batting: RHB Chrysler Rodriguez 0-0: Called Strike
0-1: Ground out 4-3 (Groundball, 4, EV 76.9 MPH)
Top of the 5th over - 0 runs, 1 hit, 0 errors, 1 left on base; Panama City 0 - Toledo 8
BOTTOM OF THE 5TH
Toledo Stingers batting - Pitching for Panama City Piranhas : LHP Todd Serrano
Batting: LHB Snow Wang 0-0: Called Strike
0-1: Ball
1-1: Called Strike
1-2: Ground out 1-3 (Groundball, 13, EV 85.0 MPH)
Batting: LHB Joe Clark 0-0: Called Strike
0-1: Ball
1-1: Swinging Strike
1-2: Ground out 6-3 (Groundball, 6, EV 106.2 MPH)
Batting: RHB Jesús Morán 0-0: SINGLE (Line Drive, 34D, EV 98.1 MPH)
Batting: RHB Alfredo Martínez 0-0: Ball
Jesús Morán steals 2nd base
1-0: Ball
2-0: Called Strike
2-1: Called Strike
2-2: Foul Ball, location: 2F
2-2: Ball
3-2: Ground out 6-3 (Groundball, 6, EV 105.6 MPH)
Bottom of the 5th over - 0 runs, 1 hit, 0 errors, 1 left on base; Panama City 0 - Toledo 8
TOP OF THE 6TH
Panama City Piranhas batting - Pitching for Toledo Stingers : RHP Ricky Sellers
Batting: RHB Kieran Hansen 0-0: Called Strike
0-1: Ground out 1-3 (Groundball, 34S, EV 76.2 MPH)
Batting: RHB António Mendoza 0-0: Ball
1-0: Ball
2-0: Ball
3-0: Base on Balls
Batting: SHB Ben Boston 0-0: Ball
1-0: Called Strike
1-1: Ball
2-1: Ball
3-1: Foul Ball, location: 2F
3-2: Fly out, F8 (Flyball, 8LD, EV 105.0 MPH)
Batting: LHB José Ocasio 0-0: Ground out U3 (Groundball, 3, EV 83.8 MPH)
Top of the 6th over - 0 runs, 0 hits, 0 errors, 1 left on base; Panama City 0 - Toledo 8
BOTTOM OF THE 6TH
Toledo Stingers batting - Pitching for Panama City Piranhas : LHP Todd Serrano
Batting: LHB Pedro Serano 0-0: Foul Ball, location: 2F
0-1: Called Strike
0-2: Foul Ball, location: 2F
0-2: Ball
1-2: Ground out 6-3 (Groundball, 6M, EV 85.0 MPH)
Batting: RHB Brook Linen 0-0: Swinging Strike
0-1: SINGLE (Flyball, 7S, EV 87.5 MPH)
Batting: LHB Dan Hines 0-0: Called Strike
Brook Linen steals 2nd base
0-1: Ball
1-1: Ball
2-1: Ball
3-1: Called Strike
3-2: Fly out, F8 (Flyball, 78M, EV 93.8 MPH)
Batting: SHB Adam Clements 0-0: Ball
1-0: Called Strike
1-1: Foul Ball, location: 2F
1-2: Ball
2-2: Ball
3-2: Foul Ball, location: 2F
3-2: Foul Ball, location: 2F
3-2: Base on Balls
Batting: RHB Sze Qi 0-0: Foul Ball, location: 2F
0-1: Fielders Choice at 2nd, 5-4 (Groundball, 56, EV 98.8 MPH)
Bottom of the 6th over - 0 runs, 1 hit, 0 errors, 2 left on base; Panama City 0 - Toledo 8
TOP OF THE 7TH
Panama City Piranhas batting - Pitching for Toledo Stingers : RHP Ricky Sellers
Batting: RHB Craig Tricket 0-0: Ground out U3 (Groundball, 34, EV 80.6 MPH)
Batting: RHB Arsenio Laurel 0-0: Ball
1-0: Ball
2-0: Foul Ball, location: 2F
2-1: Foul Ball, location: 2F
2-2: Foul Ball, location: 2F
2-2: Ball
3-2: Base on Balls
Batting: RHB Rodney Clancy 0-0: DOUBLE (Flyball, 8RXD, EV 100.0 MPH)
Arsenio Laurel to third
Batting: RHB Bruno Williams 0-0: SINGLE (Line Drive, 6MD, EV 96.2 MPH)
Arsenio Laurel scores
Rodney Clancy to third
Batting: RHB Chrysler Rodriguez 0-0: Ball
1-0: Fly out, F8 (Line Drive, 8LM, EV 89.4 MPH)
Batting: RHB Kieran Hansen 0-0: Ball
1-0: Fly out, F9 (Flyball, 9S, EV 89.4 MPH)
Top of the 7th over - 1 run, 2 hits, 0 errors, 2 left on base; Panama City 1 - Toledo 8
BOTTOM OF THE 7TH
Toledo Stingers batting - Pitching for Panama City Piranhas : LHP Todd Serrano
Pitching: RHP Kenny Kawaguchi
Pinch Hitting: RHB Álex Maroto 0-0: Called Strike
0-1: Ball
1-1: Foul Ball, location: 2F
1-2: Ground out 4-3 (Groundball, 4, EV 89.4 MPH)
Batting: LHB Joe Clark 0-0: Called Strike
0-1: Foul Ball, location: 2F
0-2: Strikes out swinging
Batting: RHB Jesús Morán 0-0: Ball
1-0: Ball
2-0: Ball
3-0: Base on Balls
Batting: RHB Alfredo Martínez 0-0: Called Strike
0-1: Ball
1-1: Swinging Strike
1-2: Foul Ball, location: 2F
1-2: Ground out 1-3 (Groundball, 34S, EV 89.4 MPH)
Bottom of the 7th over - 0 runs, 0 hits, 0 errors, 1 left on base; Panama City 1 - Toledo 8
TOP OF THE 8TH
Panama City Piranhas batting - Pitching for Toledo Stingers : RHP Ricky Sellers
Now at SS: Álex Maroto
Batting: RHB António Mendoza 0-0: Called Strike
0-1: Ball
1-1: Foul Ball, location: 2F
1-2: Ball
2-2: SINGLE (Line Drive, 8LS, EV 91.2 MPH)
Batting: SHB Ben Boston 0-0: Ball
1-0: Ball
2-0: Swinging Strike
2-1: Called Strike
2-2: Strikes out looking
Pitching: RHP Jude Cordingley
Batting: LHB José Ocasio 0-0: Called Strike
0-1: Fielders Choice at 2nd, 6-4 (Groundball, 6, EV 84.4 MPH)
Batting: RHB Craig Tricket 0-0: Ball
1-0: Called Strike
1-1: Fly out, F7 (Flyball, 7D, EV 94.4 MPH)
Top of the 8th over - 0 runs, 1 hit, 0 errors, 1 left on base; Panama City 1 - Toledo 8
BOTTOM OF THE 8TH
Toledo Stingers batting - Pitching for Panama City Piranhas : RHP Kenny Kawaguchi
Batting: LHB Pedro Serano 0-0: Foul Ball, location: 2F
0-1: Fly out, F8 (Flyball, 8LM, EV 79.4 MPH)
Batting: RHB Brook Linen 0-0: Ball
1-0: Ball
2-0: Ball
3-0: Called Strike
3-1: Base on Balls
Batting: LHB Dan Hines Pickoff Throw to First - Out! 1-3
0-0: Ball
1-0: Ball
2-0: Called Strike
2-1: Ball
3-1: Swinging Strike
3-2: Strikes out looking
Bottom of the 8th over - 0 runs, 0 hits, 0 errors, 0 left on base; Panama City 1 - Toledo 8
TOP OF THE 9TH
Panama City Piranhas batting - Pitching for Toledo Stingers : RHP Jude Cordingley
Batting: RHB Arsenio Laurel 0-0: SINGLE (Line Drive, 5D, EV 106.2 MPH)
Batting: RHB Rodney Clancy 0-0: Swinging Strike
0-1: Grounds into double play, 5-4-3 (Groundball, 56, EV 95.0 MPH)
Batting: RHB Bruno Williams 0-0: Ball
1-0: Swinging Strike
1-1: Ball
2-1: Called Strike
2-2: Foul Ball, location: 2F
2-2: Strikes out looking
Top of the 9th over - 0 runs, 1 hit, 0 errors, 0 left on base; Panama City 1 - Toledo 8
Wednesday, July 8th, 2020 - OOTP Baseball 20.8 Build 74